Map: Kairos Junction LE

Players

MCanning - Winner!

  • Race: Protoss Protoss
  • Spawn Location: 11:00

Erik

  • Race: Zerg Zerg
  • League: Master
  • Spawn Location: 5:00

Event: 2019 WCS Winter Americas

VOD

Have the link to the VOD?

Description

Time

  • Played on: Jan. 31, 2019, 5:06 p.m.
  • Length: 17:48

All games in this series

Show
View Real Time Build Order
Export as new Build Order

MCanning Protoss - Winner!

Build Orders: 1 Gate Expand, Oracle Opening, Carriers 

Get SALT Encoding   

  12  0:00  Probe  
  13  0:12  Probe  
  14  0:19  Pylon  
  14  0:25  Probe  
  15  0:34  Probe  
  15  0:38  Gateway  
  15  0:42  Probe  
  16  0:48  Assimilator  
  17  0:51  Probe  
  18  1:03  Probe  
  19  1:16  Probe  
  20  1:25  Nexus  
  20  1:33  Cybernetics Core  
  20  1:36  Probe  
  21  1:45  Assimilator  
  21  1:49  Probe  
  21  1:54  Pylon  
  22  2:01  Probe  
  23  2:02  Adept  
  23  2:13  Probe  
  26  2:20  Stargate  
  26  2:25  Probe  
  27  2:31  Adept  
  27  2:34  Warp Gate  
  27  2:35  Probe  
  29  2:39  Probe  
  29  2:44  Probe  
  31  2:51  Probe  
  33  2:52  Probe  
  33  2:55  Oracle  
  34  3:03  Probe x2  
  39  3:15  Probe  
  39  3:17  Gateway  
  38  3:21  Probe  
  38  3:26  Stalker  
  41  3:28  Probe  
  41  3:31  Assimilator  
  41  3:33  Assimilator, Probe  
  43  3:40  Probe  
  43  3:41  Stargate  
  44  3:45  Probe, Pylon  
  45  3:52  Probe  
  45  3:53  Pylon  
  45  3:55  Oracle  
  46  4:03  Probe  
  46  4:04  Probe  
  51  4:15  Probe  
  51  4:16  Probe  
  51  4:17  Oracle  
  53  4:24  Adept x2, Pylon  
  53  4:27  Probe  
  53  4:28  Probe  
  62  4:36  Pylon  
  62  4:40  Oracle  
  62  4:42  Probe x2  
  67  4:46  Oracle  
  67  4:52  Nexus  
  67  4:54  Probe  
  71  5:00  Pylon  
  71  5:03  Probe  
  71  5:06  Probe  
  73  5:09  Oracle  
  73  5:13  Oracle  
  73  5:15  Probe  
  73  5:18  Probe  
  78  5:21  Shield Battery  
  78  5:27  Adept  
  78  5:28  Adept  
  83  5:45  Forge  
  83  5:46  Twilight Council  
  83  5:50  Probe x2, Pylon  
  83  5:53  Void Ray  
  85  6:02  Probe, Gateway  
  85  6:03  Gateway  
  90  6:04  Void Ray  
  90  6:13  Stalker x2  
  95  6:19  Shield Battery  
  93  6:29  Charge  
  93  6:32  Probe  
  94  6:33  Probe  
  94  6:34  Void Ray, Shield Battery  
  94  6:38  Zealot  
  94  6:39  Zealot  
  96  6:46  Shield Battery  
  94  6:50  Protoss Ground Weapons Level 1  
  94  6:53  Probe  
  90  7:04  Zealot, Templar Archives  
  90  7:06  Probe x2  
  90  7:07  Probe, Gateway  
  93  7:08  Gateway  
  93  7:16  Gateway  
  93  7:18  Probe x2  
  93  7:20  Robotics Facility  
  93  7:21  Zealot  
  97  7:24  Psionic Storm, Probe  
  98  7:30  Zealot, Probe  
  98  7:31  Probe  
  98  7:36  Probe  
  103  7:43  Probe x2  
  104  7:46  Assimilator  
  104  7:48  Probe  
  105  7:51  Assimilator  
  105  7:52  Pylon  
  105  7:53  Pylon  
  105  7:55  Probe x2  
  107  8:02  Probe  
  108  8:05  Gateway  
  108  8:09  Observer, Pylon  
  108  8:11  High Templar x2  
  113  8:16  High Templar  
  113  8:17  Zealot x4  
  123  8:21  Immortal  
  123  8:24  Photon Cannon  
  123  8:26  Pylon  
  123  8:28  Pylon  
  123  8:29  Pylon  
  127  8:39  High Templar x2  
  127  8:41  Zealot, Pylon  
  133  8:47  Zealot  
  133  8:48  Zealot x2  
  139  8:53  Observer  
  139  9:01  Pylon  
  140  9:09  Probe, Protoss Ground Weapons Level 2  
  141  9:11  Immortal  
  141  9:13  Probe  
  141  9:16  High Templar x2  
  147  9:17  Probe  
  147  9:21  Archon  
  151  9:26  Photon Cannon  
  151  9:27  Nexus  
  151  9:30  Zealot x3, Pylon  
  157  9:42  Warp Prism  
  157  9:43  High Templar x2  
  161  9:47  Archon  
  163  9:53  Photon Cannon  
  163  9:54  Photon Cannon  
  163  9:55  Shield Battery  
  163  9:58  Pylon  
  163  9:59  Probe  
  164  10:01  Fleet Beacon  
  164  10:03  Zealot x3  
  164  10:07  Shield Battery  
  166  10:17  High Templar x2, Mothership  
  170  10:24  Archon  
  170  10:25  Zealot x5  
  170  10:26  Zealot  
  182  10:35  Assimilator  
  180  10:37  Assimilator  
  180  10:39  Pylon  
  180  10:41  Pylon  
  178  10:52  Protoss Air Weapons Level 1, Carrier  
  178  10:57  Zealot  
  178  10:58  Zealot x3  
  178  11:00  Carrier  
  182  11:22  Stargate  
  182  11:37  Zealot  
  182  11:38  Zealot x5  
  194  11:44  Carrier  
  184  11:48  Protoss Shields Level 1  
  188  12:02  High Templar  
  188  12:03  Stalker x2  
  188  12:04  Zealot x2  
  188  12:07  Carrier  
  188  12:08  Zealot x3  
  189  12:21  Protoss Air Weapons Level 2, Carrier  
  191  12:37  Zealot x4  
  199  13:05  Pylon, Carrier  
  189  13:08  Shield Battery  
  189  13:10  Photon Cannon  
  189  13:16  Observer  
  189  13:17  Blink  
  188  13:27  Carrier  
  188  13:29  Photon Cannon  
  188  13:31  Photon Cannon  
  188  13:32  Photon Cannon  
  188  13:34  Photon Cannon  
  188  13:36  Shield Battery  
  188  13:37  Warp Prism  
  188  13:38  Pylon, Shield Battery  
  196  13:43  Protoss Shields Level 2  
  194  13:49  Carrier  
  200  14:11  Nexus  
  200  14:13  Assimilator  
  200  14:17  Assimilator, Protoss Air Armor Level 1  
  188  15:01  Carrier  
  188  15:02  Zealot  
  188  15:04  Dark Shrine  
  196  15:07  Zealot  
  196  15:13  Probe  
  191  15:37  Robotics Facility  
  191  15:38  Robotics Bay  
  185  15:50  Carrier x2  
  185  15:53  Nexus  
  185  15:55  High Templar x3, Pylon  
  194  15:57  High Templar  
  194  15:59  Zealot x2  
  199  16:17  Carrier  
  197  16:27  Zealot  
  197  16:32  High Templar  
  181  16:43  Archon  
  181  16:44  Archon, Carrier  
  181  16:45  Stalker x3  
  181  16:46  Stalker x3  
  182  17:02  Zealot  
  184  17:14  Zealot x3  
  184  17:23  Dark Templar  
  184  17:24  Dark Templar x2  
Show
View Real Time Build Order
Export as new Build Order

Erik Zerg 

Build Orders: Hatch First, Brood Lord Corruptor 

Get SALT Encoding   

  12  0:01  Drone  
  13  0:12  Overlord  
  13  0:16  Drone  
  14  0:30  Drone x2  
  16  0:48  Hatchery  
  15  0:51  Drone  
  15  0:54  Drone  
  17  0:58  Drone  
  18  1:08  Extractor  
  17  1:14  Spawning Pool  
  17  1:16  Drone  
  17  1:20  Drone  
  18  1:27  Drone  
  19  1:38  Drone  
  20  1:49  Overlord  
  20  2:01  Queen x2  
  20  2:02  Zergling x4  
  20  2:08  Metabolic Boost  
  26  2:11  Drone x2  
  29  2:30  Drone  
  29  2:31  Drone  
  29  2:34  Hatchery  
  29  2:39  Drone  
  30  2:44  Overlord  
  30  2:47  Drone  
  31  2:51  Queen  
  31  2:55  Drone  
  34  3:01  Drone x2  
  34  3:05  Drone x2  
  35  3:13  Drone x3  
  35  3:15  Drone  
  38  3:21  Spore Crawler  
  38  3:23  Spore Crawler, Drone  
  37  3:31  Queen  
  40  3:34  Drone x2  
  40  3:38  Overlord  
  41  3:45  Drone x2  
  43  3:49  Queen  
  43  3:50  Overlord  
  43  3:52  Drone  
  46  4:01  Zergling x6  
  49  4:03  Drone  
  49  4:04  Drone x2  
  49  4:05  Drone x2  
  49  4:08  Extractor  
  53  4:13  Roach Warren  
  53  4:14  Drone  
  53  4:16  Drone  
  55  4:17  Drone  
  55  4:19  Drone  
  55  4:24  Drone x4  
  59  4:28  Extractor  
  59  4:30  Overlord  
  59  4:37  Lair  
  59  4:38  Extractor  
  59  4:39  Drone  
  59  4:41  Drone x3  
  62  4:47  Spore Crawler, Drone x3  
  63  4:53  Zergling x6  
  63  4:54  Zergling x2  
  63  4:58  Overlord  
  67  5:01  Drone x2  
  69  5:12  Overlord  
  69  5:13  Roach x2  
  73  5:15  Overlord  
  73  5:20  Roach x4  
  81  5:24  Overlord  
  81  5:26  Drone  
  81  5:29  Overlord  
  81  5:33  Roach x2  
  81  5:35  Drone  
  86  5:36  Drone  
  86  5:39  Overseer  
  86  5:43  Drone x4  
  86  5:45  Glial Reconstitution  
  86  5:47  Drone x4  
  86  5:48  Drone  
  86  5:49  Hydralisk Den  
  94  5:54  Drone  
  94  5:55  Drone  
  96  6:03  Spore Crawler  
  95  6:04  Spore Crawler  
  95  6:06  Spore Crawler  
  91  6:13  Zergling x8  
  91  6:14  Zergling x10  
  94  6:21  Drone  
  94  6:22  Queen, Drone  
  94  6:23  Queen x2  
  94  6:24  Drone  
  83  6:35  Drone x6  
  83  6:37  Drone  
  83  6:38  Drone  
  80  6:45  Drone  
  73  6:51  Drone x2  
  73  6:53  Spore Crawler  
  69  6:54  Spore Crawler  
  69  6:56  Drone  
  69  6:58  Queen  
  70  7:03  Drone x2  
  70  7:05  Muscular Augments  
  71  7:16  Drone x4  
  71  7:18  Extractor  
  71  7:19  Extractor  
  73  7:25  Hatchery  
  73  7:27  Hydralisk x3  
  77  7:30  Baneling Nest  
  77  7:33  Evolution Chamber  
  77  7:36  Hydralisk x3  
  77  7:39  Drone  
  77  7:40  Drone x2  
  77  7:41  Drone  
  77  7:42  Drone  
  86  7:47  Drone x4  
  89  8:00  Hydralisk x4, Overlord  
  97  8:10  Drone x2  
  97  8:11  Infestation Pit  
  97  8:17  Hydralisk x6  
  108  8:21  Grooved Spines  
  108  8:25  Centrifical Hooks  
  108  8:26  Zerg Melee Weapons Level 1  
  108  8:33  Zergling x12  
  114  8:34  Zergling x2  
  115  8:41  Drone x6  
  121  8:51  Spore Crawler  
  121  8:52  Zergling x14  
  127  9:04  Hive  
  127  9:05  Spire  
  126  9:12  Drone  
  126  9:13  Overlord  
  126  9:14  Overlord x2  
  127  9:17  Overlord  
  127  9:20  Baneling  
  127  9:21  Evolution Chamber, Baneling x7  
  127  9:23  Overseer  
  126  9:24  Drone  
  126  9:27  Pneumatized Carapace  
  126  9:30  Overlord x2  
  127  9:34  Drone x5  
  132  9:47  Zergling x2  
  132  9:48  Zergling x24  
  144  9:53  Baneling  
  144  9:54  Baneling x11  
  144  10:03  Drone x4  
  144  10:05  Extractor  
  144  10:06  Extractor  
  145  10:13  Overlord  
  145  10:15  Spine Crawler  
  144  10:22  Hatchery  
  143  10:29  Pathogen Glands, Greater Spire, Zerg Melee Weapons Level 2  
  143  10:30  Zerg Missile Weapons Level 1  
  142  10:42  Zergling x22  
  147  10:50  Drone x2  
  147  10:51  Spine Crawler  
  147  10:52  Drone, Spine Crawler  
  147  10:53  Overlord  
  144  11:05  Corruptor x6  
  156  11:21  Zergling x20  
  166  11:26  Neural Parasite, Burrow  
  166  11:28  Baneling x2  
  166  11:29  Baneling x3  
  166  11:36  Overlord  
  166  11:37  Overlord  
  166  11:44  Brood Lord  
  166  11:45  Brood Lord x4  
  166  11:46  Overlord x2  
  166  11:47  Overlord  
  174  11:54  Queen, Spine Crawler  
  174  11:58  Baneling x3  
  168  12:03  Infestor x6  
  154  12:22  Infestor, Brood Lord  
  153  12:23  Infestor x3  
  153  12:27  Zergling x16  
  153  12:28  Zergling x2  
  153  12:29  Drone x4  
  171  12:35  Drone  
  172  12:42  Zerg Missile Weapons Level 2  
  172  12:44  Adrenal Glands  
  172  12:56  Spine Crawler  
  172  12:57  Spine Crawler  
  170  13:04  Corruptor x4  
  173  13:08  Zerg Flyer Weapons Level 1  
  173  13:10  Drone x2  
  171  13:13  Drone x4  
  171  13:15  Spore Crawler, Drone x2  
  171  13:17  Spine Crawler  
  171  13:18  Extractor  
  171  13:19  Extractor  
  172  13:32  Infestor x4  
  180  13:34  Spine Crawler x2  
  178  13:46  Brood Lord  
  178  13:47  Brood Lord  
  181  13:50  Drone x3  
  181  13:51  Spine Crawler  
  181  13:52  Overseer x3, Spine Crawler  
  181  13:53  Overseer, Spine Crawler  
  179  14:06  Infestor x2  
  183  14:10  Zergling x36  
  200  14:27  Hatchery  
  200  14:29  Hatchery  
  196  14:44  Corruptor x2  
  199  14:51  Hatchery  
  193  15:03  Baneling  
  193  15:04  Baneling x9  
  191  15:07  Zerg Flyer Weapons Level 2  
  191  15:09  Zerg Ground Armor Level 1, Spire  
  191  15:10  Zerg Melee Weapons Level 3  
  190  15:26  Infestor x3  
  196  15:31  Extractor  
  190  15:53  Corruptor  
  190  15:54  Corruptor x6  
  196  16:05  Brood Lord  
  196  16:10  Infestor  
  175  16:34  Infestor x4  
  183  16:45  Zergling x8  
  181  16:47  Overlord x4  
  175  16:57  Overlord, Infestor  
  175  16:58  Infestor x2  
  175  17:00  Corruptor  
  175  17:01  Corruptor  
  142  17:10  Zergling x22  
  142  17:11  Zergling x24  
  142  17:12  Zergling x2  
  142  17:13  Hatchery  
Tags
 
Add a new tag
Caveats
  • Supply blocks, unpowered buildings, or Contaminate may cause inaccurate times.
  • Supply counts are checked every 10 seconds.